 Dungeon Crawl Stone Soup version 0.22.1-6-g1668fe2c40 (webtiles) character file.

79 NoAnimeNoLife the Conjurer (level 4, 0/24 HPs)
             Began as a Deep Elf Conjurer on Jan 21, 2019.
             Blown up by Ijyb (20 damage)
             ... with a wand of disintegration (12)
             ... on level 2 of the Dungeon.
             The game lasted 00:06:12 (2003 turns).

NoAnimeNoLife the Conjurer (Deep Elf Conjurer)      Turns: 2003, Time: 00:06:14

Health: 0/24       AC:  2    Str:  5    XL:     4   Next: 17%
Magic:  0/12       EV: 13    Int: 21    God:
Gold:   70         SH:  0    Dex: 15    Spells: 5/11 levels left

rFire    . . .     SeeInvis .   k - +2 dagger (protect)
rCold    . . .     Gourm    .   (no shield)
rNeg     . . .     Faith    .   a - +0 robe
rPois    .         Spirit   .   (no helmet)
rElec    .         Reflect  .   (no cloak)
rCorr    .         Harm     .   (no gloves)
MR       .....                  (no boots)
Stlth    ++........             (no amulet)
HPRegen  0.08/turn              (no ring)
MPRegen  0.13/turn              (no ring)

@: no status effects
A: no striking features
a: no special abilities


You were on level 2 of the Dungeon.
You were not hungry.

You visited 1 branch of the dungeon, and saw 2 of its levels.

You collected 70 gold pieces.

Inventory:

Hand Weapons
 k - a +2 dagger of protection (weapon)
Armour
 a - a +0 robe (worn)
Scrolls
 d - 4 scrolls of teleportation {unknown}
 e - a scroll of amnesia {unknown}
 g - a scroll of noise {unknown}
 h - 2 scrolls of blinking {unknown}
 l - a scroll of identify {unknown}
Potions
 b - 2 potions of flight
 f - 2 potions of lignification
 i - a potion of cancellation {unknown}
 j - a potion of heal wounds {unknown}
Comestibles
 c - 8 rations
 m - a chunk of flesh


   Skills:
 - Level 2.4 Dodging
 - Level 2.4 Stealth
 - Level 4.0 Spellcasting
 * Level 5.8 Conjurations


You had 5 spell levels left.
You knew the following spells:

 Your Spells              Type           Power        Failure   Level  Hunger
a - Magic Dart            Conj           ####         1%          1    None
b - Searing Ray           Conj           ####..       1%          2    #......
c - Stone Arrow           Conj/Erth      ###...       11%         3    ###....

Your spell library contained the following spells:

 Spells                   Type           Power        Failure   Level  Hunger
 Dazzling Spray           Conj/Hex       ###...       11%         3    ###....
 Iskenderun's Mystic Bla  Conj           ####....     11%         4    ####...
 Corpse Rot               Necr           N/A          19%         2    #......
 Force Lance              Conj/Tloc      ###.....     34%         4    ####...
 Fulminant Prism          Conj/Hex       ###.......   34%         4    ####...
 Leda's Liquefaction      Hex/Erth       #.........   75%         4    ####...
 Summon Forest            Summ/Tloc      #.........   97%         5    ######.
 Hydra Form               Tmut           #.........   100%        6    #######
 Summon Hydra             Summ           #.........   100%        7    #######


Dungeon Overview and Level Annotations

Branches:
Dungeon (2/15)

Altars:
Uskayaw

Annotations:
D:2 Ijyb


Message History

The hobgoblin closely misses you.
Casting: Searing Ray (safe; 1% risk of failure)
Confirm with . or Enter, or press ? or * to list all spells.
Aiming: Searing Ray (safe; 1% risk of failure)
Press: ? - help, Shift-Dir - straight line, p - Ijyb The searing ray hits the hobgoblin.
The hobgoblin is severely wounded. (Press . to maintain the ray.)
The searing ray misses Ijyb.
The searing ray hits the hobgoblin.
You kill the hobgoblin!
The searing ray hits Ijyb.
Ijyb is heavily wounded.
Ijyb barely misses you.
The searing ray misses Ijyb.
The searing ray hits the goblin.
You kill the goblin!
The searing ray hits the goblin.
You kill the goblin!
You finish channeling your searing ray.
Ijyb zaps a wand.
You are blasted!
Ouch! That really hurt!
You die...

.#.#.# ##########.# #.# ..#.#.#
#.# #.# ..#.#.# #.# #.# ..#.#.#
#.# #.# ###g#.. #.# #.#
###g###################.####.#
....g........................#
###.###################.#######
#...........?g@.............#
###################.####.####
### ###


You could see Ijyb.

Vanquished Creatures
  3 adders (D:2)
  An ooze (D:1)
  2 dart slugs
  10 bats
  2 giant cockroaches
  9 goblins
  5 hobgoblins (D:2)
  4 kobolds
  6 frilled lizards
  3 rats (D:1)
45 creatures vanquished.

Notes
Turn   | Place    | Note
-------+----------+-------------------------------------------
     0 | D:1      | NoAnimeNoLife the Deep Elf Conjurer began the quest for the
                  | Orb.
     0 | D:1      | Reached XP level 1. HP: 10/10 MP: 6/6
    79 | D:1      | Reached XP level 2. HP: 14/15 MP: 0/8
    83 | D:1      | Learned a level 2 spell: Searing Ray
   647 | D:1      | Reached skill level 5 in Conjurations
   871 | D:1      | Found a hide-covered altar of Uskayaw.
  1006 | D:2      | Reached XP level 3. HP: 19/19 MP: 6/10
  1702 | D:2      | Learned a level 3 spell: Stone Arrow
  1950 | D:2      | Reached XP level 4. HP: 24/24 MP: 8/12
  1959 | D:2      | Noticed Ijyb
  2003 | D:2      | Blown up by Ijyb

Skill      XL: |  1  2  3 |
---------------+----------+-----
Conjurations   | 5 |  5.8
Spellcasting   | 4 |  4.0
Dodging        | |  2.4
Stealth        | |  2.4

Action                   |  1- 3 |  4- 6 || total
-------------------------+-------+-------++-------
Melee: Unarmed           |    14 |       ||    14
       Dagger            |       |     2 ||     2
 Cast: Magic Dart        |    81 |     8 ||    89
       Searing Ray       |     1 |     1 ||     2
       Stone Arrow       |       |     1 ||     1
  Use: Potion            |     2 |       ||     2
  Eat: Chunk             |     3 |       ||     3
Armor: Robe              |     4 |       ||     4
Dodge: Dodged            |    20 |     3 ||    23
